 Dungeon Crawl Stone Soup version 0.24-a0-278-gefa1973 (webtiles) character file.

Game seed: 16385378440393596902

646345 dr0g0th the Axe Maniac (level 27, -5/269 (273) HPs)
             Began as a Hill Orc Fighter on Apr 25, 2019.
             Was the Champion of Okawaru.
             Killed from afar by a blizzard demon (10 damage)
             ... with a bolt of lightning
             ... on level 7 of Cocytus on Apr 29, 2019.
             The game lasted 03:18:25 (72621 turns).

dr0g0th the Axe Maniac (Hill Orc Fighter)          Turns: 72621, Time: 03:18:25

HP:   -5/269 (273)  AC: 40    Str: 42    XL:     27
MP:   28/28         EV: 12    Int: 12    God:    Okawaru [******]
Gold: 3345          SH: 27    Dex: 21    Spells: 26/26 levels left

rFire    + + .     SeeInvis +   k - +6 war axe of Massacring {drain, rElec rN+ Str+4 Dex+2}
rCold    + + +     Gourm    .   F - +2 shield of Resistance {rF+ rC+ MR+}
rNeg     + + .     Faith    .   c - +8 gold dragon scales
rPois    +         Spirit   .   b - +2 hat {MR+}
rElec    +         Reflect  +   d - +0 cloak "Olifrifo" {rElec Str+4 SInv}
rCorr    .         Harm     .   I - +2 pair of gloves {Dex+3}
MR       +++++                  N - +0 pair of boots of the Eleven Deaths {rElec Str+2 Dex+2}
Stlth    ..........             u - +3 amulet of reflection
HPRegen  0.54/turn              A - ring of the Mage {Wiz MR++ Int+3}
MPRegen  0.21/turn              v - ring "Bour" {rC+ rN+ Str+5}

@: very slightly contaminated, studying Polearms
A: hooves 1, thin metallic scales 1, deformed body, deterioration 1, poison
resistance
}: 3/15 runes: serpentine, barnacled, silver
a: Heroism, Finesse, Renounce Religion


You were on level 7 of Cocytus.
You worshipped Okawaru.
Okawaru was exalted by your worship.
You were hungry.

You visited 10 branches of the dungeon, and saw 50 of its levels.
You visited 1 bazaar.
You also visited: Ice Cave.

You collected 5760 gold pieces.
You spent 2415 gold pieces at shops.

Inventory:

Hand Weapons
 h - the +3 hand axe of Imai {chop, rF++ rC-, unknown}
   (Okawaru gifted it to you on level 7 of Cocytus)

   It inflicts extra damage upon your enemies.
   It greatly protects you from fire.
   It makes you vulnerable to cold.
 k - the +6 war axe of Massacring (weapon) {drain, rElec rN+ Str+4 Dex+2}
   (Okawaru gifted it to you on level 5 of the Depths)

   A truly terrible weapon, it drains the life of those it strikes.
   It affects your strength (+4).
   It affects your dexterity (+2).
   It insulates you from electricity.
   It protects you from negative energy.
 r - a +6 trishula of holy wrath
 S - the +4 war axe of Perversion {elec, Int+4}
   (Okawaru gifted it to you on level 5 of the Vaults)

   Occasionally, upon striking a foe, it will discharge some electrical energy
   and cause terrible harm.
   It affects your intelligence (+4).
 U - the +10 hand axe of Pukib Juof {venom, +Blink Int+4 Dex+4}
   (Okawaru gifted it to you on level 3 of the Vaults)

   It poisons the flesh of those it strikes.
   It affects your intelligence (+4).
   It affects your dexterity (+4).
   It lets you blink.
Armour
 b - a +2 hat of magic resistance (worn)
 c - +8 gold dragon scales (worn)
 d - the +0 cloak "Olifrifo" (worn) {rElec Str+4 SInv}
   (You acquired it on level 1 of the Vaults)

   It affects your strength (+4).
   It insulates you from electricity.
   It lets you see invisible.
 w - the +3 robe "Mennai" {rCorr Dex-5 Slay+5 Stlth+}
   (Okawaru gifted it to you on level 4 of the Vaults)

   It affects your dexterity (-5).
   It affects your accuracy and damage with ranged weapons and melee attacks
   (+5).
   It provides partial protection from all sources of acid and corrosion.
   It makes you more stealthy.
 y - the +6 plate armour of Resilience {rC++ Dex-4 SInv}
   (You found it on level 5 of the Vaults)

   It affects your dexterity (-4).
   It greatly protects you from cold.
   It lets you see invisible.
 F - the +2 shield of Resistance (worn) {rF+ rC+ MR+}
   (You bought it in a shop on level 3 of the Vaults)

   It protects you from fire.
   It protects you from cold.
   It affects your resistance to hostile enchantments.
 I - a +2 pair of gloves of dexterity (worn)
 N - the +0 pair of boots of the Eleven Deaths (worn) {rElec Str+2 Dex+2}
   (You bought it in a shop on level 2 of the Snake Pit)

   It affects your strength (+2).
   It affects your dexterity (+2).
   It insulates you from electricity.
 R - a +3 plate armour of positive energy
 V - a +2 large shield of reflection
Jewellery
 p - the ring "Jodwuepa" {rPois rC+ Str+4}
   (You bought it in a shop on level 14 of the Dungeon)

   [ring of protection from cold]

   It affects your strength (+4).
   It protects you from cold.
   It protects you from poison.
 u - a +3 amulet of reflection (around neck)
 v - the ring "Bour" (right hand) {rC+ rN+ Str+5}
   (You found it on level 2 of the Shoals)

   [ring of strength]

   It affects your strength (+5).
   It protects you from cold.
   It protects you from negative energy.
 A - the ring of the Mage (left hand) {Wiz MR++ Int+3}
   (You found it in an ice cave)

   [ring of wizardry]

   It improves your spell success rate.
   It affects your intelligence (+3).
   It affects your resistance to hostile enchantments.
Wands
 a - a wand of digging (13)
 m - a wand of flame (30)
 D - a wand of iceblast (22)
 L - a wand of acid (16)
 M - a wand of disintegration (21)
 T - a wand of scattershot (5)
Scrolls
 q - 17 scrolls of remove curse
 J - a scroll of summoning
 Q - 3 scrolls of silence
Potions
 e - 2 potions of cancellation
 g - a potion of flight
 i - 2 potions of magic
 o - 2 potions of ambrosia
 t - 3 potions of might
 B - 5 potions of agility
 C - 6 potions of brilliance
 K - 2 potions of berserk rage
Books
 P - a manual of Polearms
Miscellaneous
 n - 4 phantom mirrors
 z - the horn of Geryon
 E - a lightning rod (4/4)
 O - a lamp of fire
 W - a lightning rod (4/4)
 X - a lightning rod (4/4)
 Y - a phial of floods
 Z - a crystal ball of energy
Comestibles
 f - 32 rations


   Skills:
 O Level 27 Fighting
 O Level 27 Axes
 * Level 25.9 Armour
 + Level 3.6 Dodging
 + Level 2.6 Stealth
 O Level 27 Shields
 + Level 7.8 Invocations


You had 26 spell levels left.
You didn't know any spells.
Your spell library contained the following spells:

 Spells                   Type           Power        Failure   Level  Hunger
 Animate Skeleton         Necr           N/A          41%         1    ##.....
 Confusing Touch          Hex            #.....       41%         1    ##.....
 Corona                   Hex            #......      41%         1    ##.....
 Flame Tongue             Conj/Fire      #....        41%         1    ##.....
 Freeze                   Ice            #...         41%         1    ##.....
 Magic Dart               Conj           #...         41%         1    ##.....
 Pain                     Necr           #...         41%         1    ##.....
 Shock                    Conj/Air       #...         41%         1    ##.....
 Summon Butterflies       Summ           #.......     41%         1    ##.....
 Blink                    Tloc           N/A          54%         2    ###....
 Ensorcelled Hibernation  Hex/Ice        #.....       54%         2    ###....
 Poisonous Vapours        Pois/Air       #.....       54%         2    ###....
 Searing Ray              Conj           #.....       54%         2    ###....
 Shroud of Golubria       Chrm/Tloc      #.........   54%         2    ###....
 Slow                     Hex            #.......     54%         2    ###....
 Sublimation of Blood     Necr           #.........   54%         2    ###....
 Swiftness                Chrm/Air       #.......     54%         2    ###....
 Throw Flame              Conj/Fire      #.....       54%         2    ###....
 Throw Frost              Conj/Ice       #.....       54%         2    ###....
 Call Canine Familiar     Summ           #.......     77%         3    ####...
 Confuse                  Hex            #.......     77%         3    ####...
 Conjure Flame            Conj/Fire      #.......     77%         3    ####...
 Dazzling Spray           Conj/Hex       #.....       77%         3    ####...
 Gell's Gravitas          Tloc           #.........   77%         3    ####...
 Ignite Poison            Fire/Tmut/Pois #.......     77%         3    ####...
 Inner Flame              Hex/Fire       #.......     77%         3    ####...
 Lesser Beckoning         Tloc           #.........   77%         3    ####...
 Ozocubu's Armour         Chrm/Ice       #.......     77%         3    ####...
 Portal Projectile        Hex/Tloc       #.....       77%         3    ####...
 Regeneration             Chrm/Necr      #.........   77%         3    ####...
 Spider Form              Tmut/Pois      #.........   77%         3    ####...
 Static Discharge         Conj/Air       #.......     77%         3    ####...
 Teleport Other           Tloc           #.......     77%         3    ####...
 Vampiric Draining        Necr           #.........   77%         3    ####...
 Airstrike                Air            #.........   98%         4    #####..
 Animate Dead             Necr           N/A          98%         4    #####..
 Cause Fear               Hex            #.........   98%         4    #####..
 Force Lance              Conj/Tloc      #.......     98%         4    #####..
 Fulminant Prism          Conj/Hex       #.........   98%         4    #####..
 Ice Form                 Ice/Tmut       #.......     98%         4    #####..
 Iskenderun's Mystic Bla  Conj           #.......     98%         4    #####..
 Leda's Liquefaction      Hex/Erth       #.........   98%         4    #####..
 Passage of Golubria      Tloc           N/A          98%         4    #####..
 Petrify                  Tmut/Erth      #.......     98%         4    #####..
 Sticky Flame             Conj/Fire      #.......     98%         4    #####..
 Summon Ice Beast         Ice/Summ       #.......     98%         4    #####..
 Throw Icicle             Conj/Ice       #.......     98%         4    #####..
 Alistair's Intoxication  Tmut/Pois      #.......     100%        5    ######.
 Fireball                 Conj/Fire      #.........   100%        5    ######.
 Irradiate                Conj/Tmut      #.........   100%        5    ######.
 Lightning Bolt           Conj/Air       #.........   100%        5    ######.
 Metabolic Englaciation   Hex/Ice        #.........   100%        5    ######.
 Silence                  Hex/Air        #.........   100%        5    ######.
 Summon Mana Viper        Hex/Summ       #.......     100%        5    ######.
 Yara's Violent Unravell  Hex/Tmut       #.........   100%        5    ######.
 Bolt of Cold             Conj/Ice       #.........   100%        6    #######
 Deflect Missiles         Chrm/Air       #.........   100%        6    #######
 Dispersal                Tloc           #.........   100%        6    #######
 Freezing Cloud           Conj/Ice/Air   #.........   100%        6    #######
 Hydra Form               Tmut           #.........   100%        6    #######
 Ozocubu's Refrigeration  Ice            #.........   100%        6    #######
 Simulacrum               Ice/Necr       #.........   100%        6    #######
 Statue Form              Tmut/Erth      #........    100%        6    #######
 Dragon Form              Tmut           #.........   100%        7    #######
 Summon Hydra             Summ           #.........   100%        7    #######
 Discord                  Hex            #.........   100%        8    #######


Dungeon Overview and Level Annotations

Branches:
Dungeon (15/15)            Temple (1/1) D:7            Lair (6/6) D:11
 Shoals (4/4) Lair:4        Snake (4/4) Lair:3        Slime (0/5) Lair:5
    Orc (2/2) D:11            Elf (0/3) Orc:2        Vaults (5/5) D:13
  Crypt (0/3) Vaults:3     Depths (5/5) D:15           Hell (1/1)
    Dis (0/7) Hell            Geh (0/7) Hell            Coc (7/7) Hell
    Tar (0/7) Hell            Zot (0/5) Depths:5

Altars:
Cheibriados
Dithmenos
Elyvilon
Fedhas
Gozag
Hepliaklqana
Kikubaaqudgha
Makhleb
Nemelex Xobeh
Okawaru
Qazlal
Ru
Sif Muna
Trog
Uskayaw
Vehumet
Xom
Yredelemnul
Zin
The Shining One

Shops:
D:12 [   D:14 =   Orc:2 (}*(   Shoals:1 [   Shoals:2 (   Shoals:4 =   Snake:2 [
Vaults:3 [}!   Depths:2 :

Portals:
Hell: Depths:1 Depths:2 Depths:4 Depths:5
Abyss: Depths:4
Pandemonium: Depths:3
Ziggurat: Depths:2
Trove: D:10 (show abyssal rune of Zot)

Annotations:
Lair:5 Sonja
Lair:6 1 exclusion
Depths:1 3 runed translucent doors, Jitylec's ghost, legendary MiFi


Innate Abilities, Weirdness & Mutations

You have large cloven feet.
You are partially covered in thin metallic scales. (AC +2)
Armour fits poorly on your strangely shaped body.
Your body sometimes deteriorates upon taking damage.
Your system is resistant to poisons. (rPois)


Message History

The skeletal warrior is almost destroyed.
You completely miss the skeletal warrior.
You cut the skeletal warrior into ribbons!!!
You block the skeletal warrior's attack. x2
The skeletal warrior hits you with a +0 glaive!
* * * LOW HITPOINT WARNING * * *
Okay, then.
Blink to where?
Press: ? - help, Dir - move target cursor You are very lightly contaminated with residual magic.
As you read the scroll of blinking, it crumbles to dust.
You start resting.
You feel like a meek peon again.
A blizzard demon comes into view.
The blizzard demon gestures at you. The bolt of cold hits you. You resist.
* * * LOW HITPOINT WARNING * * *
The blizzard demon gestures at you. The bolt of lightning misses you.
The bolt of lightning hits you! You resist.
You die...

##....##...≈≈....##≈≈.≈≈≈....≈≈≈≈
##....##...≈≈....##...⌠≈........
##.)..##...≈≈..................
##....##...≈≈....#.###########
##....##...≈≈.....###########
##....##...≈≈.2.............
##....##...≈≈..z...........
##....##...○≈≈≈≈≈≈≈≈≈≈≈≈z.
##....##@..≈≈≈≈≈≈≈≈≈≈≈≈zz
##....##...≈≈≈≈≈≈≈≈≈≈≈..
##....##...z...........
##....##..............
##....###############
##....##############
##.................
##................
##...............


You could see a blizzard demon and 2 skeletal warriors.

Vanquished Creatures
  the Serpent of Hell (Coc:7)
  Mara (Vaults:5)
  A juggernaut (Depths:2)
  An ancient lich (Vaults:5)
  Mennas (Depths:3)
  Sojobo (Vaults:5)
  Boris (twice) (Depths:3 Depths:5)
  26 shard shrikes
  Bai Suzhen (Vaults:5)
  Geryon (Hell)
  Nikola (Depths:3)
  2 golden dragons
  4 bone dragons
  A Tzitzimitl (Depths:3)
  22 Ice Fiends
  6 tentacled monstrosities
  Jorgrun (Snake:2)
  3 titans (Vaults:5)
  3 liches
  Asterion (Snake:1)
  A quicksilver dragon (Vaults:5)
  An eldritch tentacle (Coc:5)
  Polyphemus (Shoals:4)
  An Executioner (Coc:4)
  9 sphinxes
  4 storm dragons
  Kirke (Lair:4)
  Roxanne (Shoals:3)
  10 shadow dragons
  A draconian monk (Depths:5)
  9 tengu reavers
  3 iron dragons
  8 nagarajas
  4 deep elf sorcerers
  11 fire giants
  2 balrugs
  3 deep elf elementalists
  16 vault wardens
  12 frost giants
  21 reapers
  21 ironheart preservers
  A draconian annihilator (Depths:5)
  22 very ugly things
  29 stone giants
  5 war gargoyles
  An entropy weaver (Vaults:3)
  A black draconian (Depths:5)
  Nessos (D:14)
  3 deep elf annihilators
  3 vampire knights
  2 green draconians (Depths:5)
  A minotaur (Lair:5)
  A lorocyproca (Coc:7)
  A white draconian (Depths:5)
  4 dire elephants (Lair:6)
  14 spark wasps
  A red draconian (Depths:5)
  The ghost of Ciusizux the Fighter, a journeyman MiBe of Trog (Lair:5)
  11 ettins
  12 merfolk impalers
  9 blizzard demons
  Josephine (Lair:5)
  4 eidola
  3 kraken zombies
  A jiangshi (Vaults:3)
  3 merfolk javelineers
  12 fire dragons
  20 yaktaur captains
  A quicksilver dragon zombie (Coc:7)
  8 great orbs of eyes
  4 quicksilver dragon skeletons
  11 hydras
  A deep elf high priest (Depths:5)
  4 rakshasas
  27 ice dragons
  Erolcha (D:12)
  19 naga warriors
  A catoblepas (Shoals:4)
  31 vault guards
  3 merfolk avatars
  9 centaur warriors
  2 spriggan air magi
  30 two-headed ogres
  2 death knights
  A queen ant (D:8)
  11 anacondas
  An alligator snapping turtle (Shoals:4)
  A deep troll earth mage (Depths:1)
  3 dancing weapons (Depths:3)
  11 ogre magi
  A merfolk aquamancer (Shoals:2)
  7 deep troll shamans
  16 hell knights
  8 death yaks
  4 hell hogs (Hell)
  4 tengu warriors
  5 sun demons
  A vampire mage (Depths:4)
  10 deep elf knights
  14 naga sharpshooters
  5 titan zombies
  3 shock serpents (Snake:1)
  5 soul eaters
  2 iron golems (Hell)
  A spriggan berserker (Depths:5)
  3 iron trolls
  2 storm dragon zombies (Coc:5)
  3 titan skeletons
  A golden dragon zombie (Coc:3)
  2 shadow wraiths
  63 skeletal warriors
  A fire crab (shapeshifter) (Vaults:3)
  A salamander mystic (Snake:2)
  25 deep trolls
  5 unseen horrors
  11 sea snakes
  A death drake (Depths:3)
  9 anaconda zombies
  5 flayed ghosts
  2 orange crystal statues (Depths:3)
  A deep troll (shapeshifter) (Vaults:5)
  2 spectral hydras (Depths:3)
  A spectral anaconda (Depths:3)
  A death drake (shapeshifter) (Vaults:3)
  A ghost moth zombie (Coc:4)
  2 storm dragon skeletons
  5 phantasmal warriors
  5 glowing orange brains
  11 naga ritualists
  8 deep elf archers
  22 ironbrand convokers
  A harpy (shapeshifter) (Depths:4)
  11 harpies
  A golden dragon skeleton (Coc:1)
  7 anaconda skeletons
  5 wizards
  A lindwurm (shapeshifter) (Depths:3)
  9 necromancers
  2 shadow dragon skeletons (Coc:1)
  2 shadow dragon zombies
  A tengu skeleton (Vaults:2)
  11 deep elf magi
  2 iron dragon zombies (Coc:1)
  4 frost giant zombies
  2 wolf spider zombies
  26 ugly things
  3 orc sorcerers (Vaults:5)
  4 fire giant zombies
  An oklob plant (Lair:5)
  32 fauns
  23 orc knights
  9 cyclopes
  14 mana vipers
  5 wolf spiders
  5 stone giant skeletons
  A sphinx skeleton (Vaults:4)
  10 salamanders
  2 iron dragon skeletons
  2 fauns (shapeshifter) (Depths:4)
  2 centaur zombies
  16 manticores
  5 stone giant zombies
  8 rust devils (Hell)
  2 frost giant skeletons
  A black mamba (shapeshifter) (Vaults:4)
  A guardian serpent (Snake:3)
  2 fire giant skeletons
  An elephant (shapeshifter) (Vaults:5)
  31 naga magi
  A dire elephant zombie (Coc:7)
  13 elephants
  20 vault sentinels
  4 water nymphs
  14 merfolk sirens
  2 ice statues
  2 eyes of devastation (Depths:2)
  A rime drake (Lair:5)
  4 titan simulacra
  2 smoke demons (Hell)
  23 black mambas
  3 guardian serpents (shapeshifter)
  A molten gargoyle (Hell)
  A storm dragon simulacrum (Coc:7)
  12 spiny frogs
  5 dire elephant skeletons
  2 emperor scorpion zombies
  An efreet (D:15)
  14 tormentors
  3 yaktaur zombies (Vaults:2)
  53 freezing wraiths
  48 yaktaurs
  An anaconda simulacrum (Coc:7)
  A catoblepas skeleton (Coc:7)
  18 hydra zombies
  9 komodo dragons
  40 ice devils
  2 harpy zombies
  A guardian mummy (D:10)
  3 meliai (D:15)
  3 tengu conjurers
  9 trolls
  A meliai (shapeshifter) (Vaults:5)
  2 shadow dragon simulacra
  A wolf spider simulacrum (Vaults:1)
  19 merfolk
  4 hornets
  A spectral merfolk (Depths:3)
  23 polar bears
  2 fire dragon zombies
  26 slime creatures
  6 alligator zombies
  14 hippogriffs
  A hippogriff (shapeshifter) (D:14)
  4 wind drakes
  4 large abominations (Depths:4)
  A frost giant simulacrum (Coc:5)
  3 ettin zombies
  3 blink frogs (Lair:6)
  A stone giant simulacrum (Coc:7)
  A raiju (Depths:3)
  5 hydra skeletons
  A fire giant simulacrum (Coc:4)
  2 human simulacra
  7 dream sheep (Lair:5)
  6 ice dragon zombies
  17 snapping turtles
  2 centaur simulacra
  A spriggan (D:13)
  A black mamba zombie (Coc:7)
  4 fire dragon skeletons
  31 water elementals
  An ettin skeleton (Coc:7)
  94 flying skulls
  4 ice dragon skeletons
  13 shadows
  27 wraiths
  A dire elephant simulacrum (Coc:6)
  59 yaks
  2 vampires
  2 alligator skeletons (Hell)
  6 wyverns
  6 basilisks
  2 hogs (Lair:4)
  A human (shapeshifter) (Vaults:1)
  5 fire elementals (Hell)
  5 chaos spawn (Depths:4)
  3 small abominations (Depths:4)
  2 steam dragons
  6 hungry ghosts
  12 vampire mosquitoes
  2 yaktaur simulacra
  A warg (shapeshifter) (Depths:5)
  Menkaure (D:6)
  A harpy simulacrum (Coc:1)
  An acid dragon (D:11)
  14 wargs
  A merfolk zombie (Coc:7)
  45 nagas
  22 soldier ants
  7 spiny frog zombies
  A spectral spriggan (Depths:3)
  5 hydra simulacra
  9 hell hounds
  17 water moccasins
  3 spiny frog skeletons (Coc:7)
  2 floating eyes
  15 porcupines
  4 spectral trolls (Depths:3)
  50 orc warriors
  A hornet zombie (D:9)
  5 snapping turtle zombies
  5 sky beasts
  2 elf zombies (Vaults:4)
  An eye of draining (D:14)
  3 necrophages
  27 ice beasts
  A sky beast (shapeshifter) (Depths:1)
  2 black bears (D:7)
  A fire dragon simulacrum (Coc:7)
  38 ogres
  A wolf (shapeshifter) (Vaults:5)
  2 alligator simulacra
  2 ettin simulacra
  8 phantoms
  14 boggarts
  2 snapping turtle skeletons
  15 centaurs
  An elf skeleton (Vaults:1)
  2 swamp dragon skeletons
  30 wolves
  A crocodile (shapeshifter) (Vaults:5)
  9 crocodiles
  4 big kobolds
  22 bullfrogs
  3 human zombies
  A glowing shapeshifter simulacrum (Vaults:3)
  A gnoll sergeant (D:5)
  A spiny frog simulacrum (Coc:1)
  A wyvern zombie (D:10)
  2 wyvern skeletons
  7 scorpions
  8 killer bees
  A swamp dragon simulacrum (Coc:7)
  A spriggan zombie (Coc:5)
  An orc simulacrum (Vaults:1)
  3 spectral ogres (Depths:3)
  A snapping turtle simulacrum (Coc:3)
  5 spectral nagas (Depths:3)
  2 elf simulacra
  3 howler monkeys
  28 wights
  A vampire bat (D:4)
  An electric eel (Lair:2)
  A spectral centaur (Depths:3)
  A bullfrog zombie (D:7)
  11 crimson imps
  3 quasits
  7 jellies
  2 bullfrog skeletons
  19 orc priests
  2 gnoll shamans (D:8)
  13 hounds
  17 orc wizards
  7 centaur skeletons
  Jessica (D:2)
  6 iguanas
  30 worker ants
  A spriggan simulacrum (Depths:3)
  A hound skeleton (D:7)
  3 mummies
  A howler monkey zombie (D:5)
  A worker ant zombie (D:5)
  17 gnolls
  2 naga simulacra (Depths:3)
  10 adders
  4 river rats (D:6)
  4 shadow imps
  15 white imps
  An ooze (D:1)
  2 adder skeletons
  2 worms
  7 leopard geckos
  96 orcs
  3 ball pythons
  12 bats
  4 giant cockroaches
  6 goblins
  9 hobgoblins
  6 jackals (D:2)
  16 kobolds
  5 quokkas
  6 frilled lizards
  A jackal skeleton (D:7)
  3 rats
  11 fungi
  28 plants
  3 tentacles (Coc:4)
2745 creatures vanquished.

Vanquished Creatures (others)
  5 eldritch tentacles
  Aizul (Snake:2)
  An elemental wellspring (Coc:7)
  A stone giant (Depths:5)
  A deep elf annihilator (Depths:4)
  An ettin (Depths:3)
  2 merfolk javelineers (Shoals:4)
  A blizzard demon (Coc:7)
  4 yaktaur captains
  3 centaur warriors
  5 satyrs
  2 naga sharpshooters (Snake:4)
  A deep elf knight (Vaults:4)
  2 deep elf archers (Vaults:4)
  A harpy (Shoals:2)
  A wolf spider zombie (Coc:7)
  A phantasmal warrior (Vaults:2)
  3 fauns
  An ugly thing (Depths:3)
  A cyclops (D:15)
  6 yaktaurs
  A shadow (Depths:3)
  A flying skull (Coc:7)
  A yak (IceCv)
  2 humans (Lair:4)
  A naga (Snake:4)
  An acid dragon (Vaults:1)
  An orc warrior (Vaults:5)
  An ogre (Depths:1)
  A wolf (IceCv)
  4 centaurs
  A big kobold (D:8)
  A scorpion (D:8)
  A hound (D:8)
  A worker ant (D:8)
  An orc (Vaults:1)
  33 fungi
  92 plants
  11 tentacles
199 creatures vanquished.

Grand Total: 2944 creatures vanquished

Notes
Turn   | Place    | Note
-------+----------+-------------------------------------------
     0 | D:1      | dr0g0th the Hill Orc Fighter began the quest for the Orb.
     0 | D:1      | Reached XP level 1. HP: 19/19 MP: 1/1
    99 | D:1      | Reached XP level 2. HP: 27/27 MP: 2/2
   741 | D:2      | Found a sacrificial altar of Ru.
   745 | D:2      | Reached XP level 3. HP: 33/33 MP: 3/3
  1144 | D:2      | Noticed Jessica
  1147 | D:2      | Killed Jessica
  1147 | D:2      | Reached XP level 4. HP: 40/40 MP: 4/4
  1953 | D:3      | Reached XP level 5. HP: 30/46 MP: 5/5
  2603 | D:4      | Reached skill level 5 in Axes
  2765 | D:4      | Reached XP level 6. HP: 53/53 MP: 6/6
  2983 | D:4      | Found a burning altar of Makhleb.
  3457 | D:5      | Entered Level 5 of the Dungeon
  3457 | D:5      | Noticed a sky beast
  3460 | D:5      | Found a sacrificial altar of Ru.
  3488 | D:5      | HP: 2/55 [something (5)]
  3497 | D:5      | Killed a sky beast
  3497 | D:5      | Reached skill level 5 in Fighting
  3497 | D:5      | Reached skill level 5 in Shields
  3698 | D:5      | Found a sparkling altar of Nemelex Xobeh.
  3701 | D:5      | Noticed an ice beast
  3716 | D:5      | Killed an ice beast
  3716 | D:5      | Reached XP level 7. HP: 61/61 MP: 7/7
  4449 | D:5      | Found an ancient bone altar of Kikubaaqudgha.
  4754 | D:5      | Reached skill level 5 in Armour
  5139 | D:5      | Reached XP level 8. HP: 69/70 MP: 8/8
  5294 | D:6      | Noticed Menkaure
  5302 | D:6      | Killed Menkaure
  5568 | D:6      | Found a hazy altar of Hepliaklqana.
  6049 | D:6      | Reached skill level 1 in Dodging
  6524 | D:6      | Reached XP level 9. HP: 28/78 MP: 9/9
  6868 | D:7      | Noticed a hornet
  6874 | D:7      | Paralysed by a hornet for 1 turns
  6882 | D:7      | Killed a hornet
  6995 | D:7      | Reached skill level 10 in Axes
  7062 | D:7      | Found a staircase to the Ecumenical Temple.
  7085 | Temple   | Entered the Ecumenical Temple
  7291 | Temple   | Became a worshipper of Warmaster Okawaru
  7562 | D:7      | Found a snail-covered altar of Cheibriados.
  7762 | D:7      | You fall through a shaft!
  7762 | D:8      | Found an opulent altar of Gozag.
  8024 | D:7      | Found a sacrificial altar of Ru.
  8175 | D:8      | Reached * piety under Okawaru
  8182 | D:8      | Reached XP level 10. HP: 82/88 MP: 10/10
  8254 | D:8      | Noticed a queen ant
  8304 | D:8      | Killed a queen ant
  8304 | D:8      | Reached ** piety under Okawaru
  8555 | D:8      | Reached *** piety under Okawaru
  8833 | D:8      | Reached XP level 11. HP: 89/97 MP: 11/11
  8892 | D:8      | Found a shimmering altar of Xom.
  8918 | D:8      | Reached **** piety under Okawaru
  9063 | D:8      | Found a glowing golden altar of the Shining One.
  9066 | D:8      | Found a blossoming altar of Fedhas.
 10109 | D:9      | Reached skill level 10 in Fighting
 10123 | D:9      | Reached ***** piety under Okawaru
 10722 | D:10     | Entered Level 10 of the Dungeon
 10798 | D:10     | Noticed a deep elf knight
 10857 | D:10     | Found a transporter.
 10892 | D:10     | Found a transporter.
 10892 | D:10     | Noticed a manticore
 11077 | D:10     | Found a portal to a secret trove of treasure.
 11588 | D:10     | Killed a manticore
 11588 | D:10     | Received a gift from Okawaru
 11739 | D:10     | Killed a deep elf knight
 11739 | D:10     | Reached skill level 15 in Axes
 11883 | D:11     | Noticed a cyclops
 11894 | D:11     | Killed a cyclops
 11929 | D:11     | Reached skill level 1 in Invocations
 11929 | D:11     | Reached XP level 12. HP: 110/110 MP: 12/12
 11948 | D:11     | Found a staircase to the Orcish Mines.
 12039 | D:11     | Found a staircase to the Lair.
 12229 | D:11     | Found an opulent altar of Gozag.
 12381 | D:11     | Got a heavy robe
 13247 | D:12     | Found Buotzuot's Armour Boutique.
 13418 | D:12     | Noticed Erolcha
 13423 | D:12     | Killed Erolcha
 13423 | D:12     | Received a gift from Okawaru
 13540 | D:12     | Reached skill level 10 in Armour
 13863 | D:13     | Identified the Volume of Twisted Boosts
 13914 | D:13     | Found a frozen archway.
 13929 | D:13     | Reached XP level 13. HP: 116/118 MP: 13/13
 13962 | IceCv    | Entered an ice cave
 14375 | IceCv    | Reached ****** piety under Okawaru
 14375 | IceCv    | Received a gift from Okawaru
 14388 | IceCv    | Identified the +1 robe of the Inquisitive Stars {Str+4
                  | Slay+3} (You found it on level 11 of the Dungeon)
 14416 | IceCv    | Found the ring of the Mage {Wiz MR++ Int+3}
 14455 | IceCv    | Reached skill level 10 in Shields
 14774 | IceCv    | Noticed a frost giant
 14802 | IceCv    | Killed a frost giant
 14802 | IceCv    | Received a gift from Okawaru
 15330 | D:13     | Noticed a vault guard
 15355 | D:13     | Killed a vault guard
 15363 | D:13     | Reached XP level 14. HP: 70/129 MP: 13/15
 15470 | D:13     | Found a gate to the Vaults.
 15746 | D:14     | HP: 4/130 [16-headed hydra (11)]
 15931 | D:14     | Received a gift from Okawaru
 16041 | D:14     | Received a gift from Okawaru
 16118 | D:14     | Noticed Nessos
 16167 | D:14     | Killed Nessos
 16502 | D:14     | Got a polished glaive
 16513 | D:14     | Identified a scroll of acquirement
 16622 | D:14     | Found Epimmo's Jewellery Boutique.
 16626 | D:14     | Bought the ring "Jodwuepa" {rPois rC+ Str+4} for 713 gold
                  | pieces
 17153 | Orc:1    | Entered Level 1 of the Orcish Mines
 17268 | Orc:2    | Entered Level 2 of the Orcish Mines
 17270 | Orc:2    | Found a burning altar of Makhleb.
 18234 | Orc:2    | Found a staircase to the Elven Halls.
 18389 | Orc:2    | Found Fuiplutu's Assorted Antiques.
 18389 | Orc:2    | Found Bomym's Gadget Shop.
 18391 | Orc:2    | Found Lusewion's Antique Weapon Boutique.
 18393 | Orc:2    | Found Pylius's Weapon Emporium.
 18407 | Orc:2    | Bought an embroidered cloak for 157 gold pieces
 18407 | Orc:2    | Bought a brass ring for 105 gold pieces
 18407 | Orc:2    | Bought a scroll of identify for 42 gold pieces
 18718 | D:11     | Identified the +7 glaive "Ninonaag" {venom, rElec} (You
                  | found it on level 14 of the Dungeon)
 18777 | D:11     | Upgraded the game from 0.24-a0-272-g1411513 to
                  | 0.24-a0-278-gefa1973
 18831 | Lair:1   | Entered Level 1 of the Lair of Beasts
 18916 | Lair:1   | Received a gift from Okawaru
 19097 | Lair:1   | Reached XP level 15. HP: 137/139 MP: 17/17
 20249 | Lair:3   | Found a staircase to the Snake Pit.
 20488 | Lair:3   | Reached skill level 15 in Fighting
 21061 | Lair:4   | Found a staircase to the Shoals.
 21131 | Lair:4   | Noticed Kirke
 21141 | Lair:4   | Killed Kirke
 21179 | Lair:4   | Received a gift from Okawaru
 21223 | Lair:4   | Received a gift from Okawaru
 21762 | Lair:5   | Found a runed translucent gate.
 21811 | Lair:5   | Found a runed translucent gate.
 21812 | Lair:5   | Found a runed translucent gate.
 21812 | Lair:5   | Noticed Josephine
 21812 | Lair:5   | Noticed Sonja
 21826 | Lair:5   | Killed Josephine
 21895 | Lair:5   | Noticed Ciusizux's ghost (journeyman MiBe)
 21907 | Lair:5   | Found a staircase to the Slime Pits.
 22005 | Lair:5   | Got a sparkling amber ring
 22148 | Lair:5   | Identified the ring of Waumoedghox {rElec rPois Int+4} (You
                  | found it on level 5 of the Lair of Beasts)
 22337 | Lair:5   | Found a blossoming altar of Fedhas.
 23061 | Lair:6   | Entered Level 6 of the Lair of Beasts
 23163 | Lair:5   | Received a gift from Okawaru
 23174 | Lair:5   | Killed Ciusizux's ghost
 23194 | Lair:5   | Got an encrusted flail
 23468 | Lair:6   | Reached XP level 16. HP: 150/151 MP: 18/18
 25250 | D:15     | Entered Level 15 of the Dungeon
 25277 | D:15     | Found a staircase to the Depths.
 25668 | D:15     | Reached skill level 1 in Stealth
 26108 | D:15     | Received a gift from Okawaru
 26906 | Snake:1  | Entered Level 1 of the Snake Pit
 26953 | Snake:1  | Found a shimmering altar of Xom.
 27317 | Snake:1  | Identified the +6 flail of Nugymaw {pain, Str+4} (You found
                  | it on level 5 of the Lair of Beasts)
 27381 | Snake:1  | You fall through a shaft!
 27408 | Snake:1  | Reached skill level 15 in Shields
 27488 | Snake:1  | Noticed Asterion
 27503 | Snake:1  | Killed Asterion
 27535 | Snake:1  | Received a gift from Okawaru
 28309 | Snake:2  | Reached XP level 17. HP: 157/161 MP: 19/19
 28326 | Snake:2  | Noticed Aizul
 28337 | Snake:2  | Killed Aizul
 28855 | Snake:2  | Noticed Jorgrun
 28869 | Snake:2  | Killed Jorgrun
 28908 | Snake:2  | Received a gift from Okawaru
 29342 | Snake:2  | Found Cilall's Armour Shoppe.
 29345 | Snake:2  | Bought the +0 pair of boots of the Eleven Deaths {rElec
                  | Str+2 Dex+2} for 376 gold pieces
 30343 | Snake:4  | Entered Level 4 of the Snake Pit
 30877 | Snake:4  | Found a sacrificial altar of Ru.
 31174 | Snake:4  | Reached XP level 18. HP: 59/173 MP: 20/20
 31490 | Snake:4  | Received a gift from Okawaru
 32288 | Snake:4  | Got a serpentine rune of Zot
 32719 | Shoals:1 | Entered Level 1 of the Shoals
 32746 | Shoals:1 | Found Ucesch's Armour Shoppe.
 32776 | Shoals:1 | Bought a +2 pair of gloves of dexterity for 365 gold pieces
 33252 | Shoals:1 | You fall through a shaft!
 33317 | Shoals:2 | Found a transporter.
 33434 | Shoals:2 | Got a warped scythe
 33436 | Shoals:2 | Identified the +10 scythe of Toymn {flame, MR++ Dex-3} (You
                  | found it on level 2 of the Shoals)
 33482 | Shoals:2 | Found Cahis's Antique Weapon Emporium.
 33536 | Shoals:2 | Found a transporter.
 33617 | Shoals:2 | Gained mutation: You occasionally shout uncontrollably at
                  | your foes. [potion of mutation]
 33617 | Shoals:2 | Gained mutation: You have a pair of small horns on your
                  | head. [potion of mutation]
 33618 | Shoals:2 | Lost mutation: You occasionally shout uncontrollably at
                  | your foes. [potion of mutation]
 33618 | Shoals:2 | Lost mutation: You have a pair of small horns on your head.
                  | [potion of mutation]
 33618 | Shoals:2 | Gained mutation: You are resistant to hostile enchantments.
                  | (MR+) [potion of mutation]
 33618 | Shoals:2 | Gained mutation: You are weak. (Str -2) [potion of
                  | mutation]
 33618 | Shoals:2 | Gained mutation: Your spells are a little harder to cast,
                  | but a little more powerful. [potion of mutation]
 33619 | Shoals:2 | Lost mutation: You are weak. (Str -2) [potion of mutation]
 33619 | Shoals:2 | Lost mutation: You are resistant to hostile enchantments.
                  | (MR+) [potion of mutation]
 33619 | Shoals:2 | Lost mutation: Your spells are a little harder to cast, but
                  | a little more powerful. [potion of mutation]
 33619 | Shoals:2 | Gained mutation: Armour fits poorly on your strangely
                  | shaped body. [potion of mutation]
 33619 | Shoals:2 | Gained mutation: You are partially covered in thin metallic
                  | scales. (AC +2) [potion of mutation]
 33619 | Shoals:2 | Gained mutation: Your system is resistant to poisons.
                  | (rPois) [potion of mutation]
 33705 | Shoals:2 | Received a gift from Okawaru
 33902 | Shoals:2 | Got a pitted tin ring
 33906 | Shoals:2 | Got a sparkling granite ring
 33920 | Shoals:2 | Got a vibrating ivory ring
 34346 | Shoals:3 | Noticed Roxanne
 34376 | Shoals:3 | Killed Roxanne
 34445 | Shoals:3 | Reached XP level 19. HP: 164/182 MP: 20/22
 34949 | Shoals:4 | Entered Level 4 of the Shoals
 35111 | Shoals:4 | Reached skill level 15 in Armour
 35557 | Shoals:4 | Got a barnacled rune of Zot
 35648 | Shoals:4 | Noticed Polyphemus
 35654 | Shoals:4 | Received a gift from Okawaru
 35658 | Shoals:4 | Identified the cursed +1 leather armour "Ilakics" {+Fly
                  | rN+++ Str-5 SInv}
 35678 | Shoals:4 | Killed Polyphemus
 35986 | Shoals:4 | Found Mabriol's Jewellery Boutique.
 36034 | Shoals:4 | Identified the ring "Bour" {rC+ rN+ Str+5} (You found it on
                  | level 2 of the Shoals)
 36814 | Vaults:1 | Entered Level 1 of the Vaults
 36861 | Vaults:1 | Found an iron altar of Okawaru.
 37309 | Vaults:1 | Received a gift from Okawaru
 37683 | Vaults:1 | Reached XP level 20. HP: 191/193 MP: 23/23
 38726 | Vaults:1 | Got a spiked cloak
 38738 | Vaults:1 | Identified the +0 cloak "Olifrifo" {rElec Str+4 SInv} (You
                  | acquired it on level 1 of the Vaults)
 39789 | Vaults:2 | Received a gift from Okawaru
 40678 | Vaults:2 | Received a gift from Okawaru
 41084 | Vaults:3 | Reached XP level 21. HP: 202/203 MP: 24/24
 41112 | Vaults:3 | Found Jontiso's Distillery.
 41128 | Vaults:3 | Found a flickering gateway to a bazaar.
 41147 | Bazaar   | Entered a bazaar
 41149 | Bazaar   | Found Hodduf's Antique Armour Boutique.
 41153 | Bazaar   | Found Losk's Distillery.
 41153 | Bazaar   | Found Jeasis's Food Boutique.
 41153 | Bazaar   | Found Xito's Armour Boutique.
 41389 | Vaults:3 | Found Pumpar's Armour Boutique.
 41395 | Vaults:3 | Bought the +2 shield of Resistance {rF+ rC+ MR+} for 657
                  | gold pieces
 41395 | Vaults:3 | Found the +2 shield of Resistance {rF+ rC+ MR+}
 41398 | Vaults:3 | Found Opipos's Gadget Shoppe.
 41455 | Vaults:3 | Received a gift from Okawaru
 41475 | Vaults:3 | Got a shimmering hand axe {god gift}
 41476 | Vaults:3 | Identified the +10 hand axe of Pukib Juof {venom, +Blink
                  | Int+4 Dex+4} (Okawaru gifted it to you on level 3 of the
                  | Vaults)
 41712 | Vaults:3 | Identified the ring "Girghexeo" {+Fly rElec Str-2 Dex+7
                  | Stlth-} (You found it on level 2 of the Shoals)
 42816 | Vaults:3 | Found a staircase to the Crypt.
 42832 | Vaults:3 | Received a gift from Okawaru
 43153 | Vaults:4 | Received a gift from Okawaru
 43156 | Vaults:4 | Got a shimmering robe {god gift}
 43157 | Vaults:4 | Identified the ring "Penyri" {*Drain rC+ Str+2 Dex+2} (You
                  | found it on level 2 of the Shoals)
 43159 | Vaults:4 | Identified the +3 robe "Mennai" {rCorr Dex-5 Slay+5 Stlth+}
                  | (Okawaru gifted it to you on level 4 of the Vaults)
 44245 | Vaults:4 | Reached XP level 22. HP: 158/214 MP: 25/25
 44764 | Vaults:5 | Entered Level 5 of the Vaults
 45007 | Vaults:4 | Received a gift from Okawaru
 45401 | Depths:1 | Entered Level 1 of the Depths
 45667 | Depths:1 | Received a gift from Okawaru
 45688 | Depths:1 | Got a shimmering hand axe {god gift}
 45689 | Depths:1 | Identified the +5 hand axe of Dung {venom, Int+2 Dex+2}
                  | (Okawaru gifted it to you on level 1 of the Depths)
 46380 | Depths:1 | Found a gateway to Hell.
 46502 | Depths:1 | Found a runed translucent gate.
 46502 | Depths:1 | Found a runed translucent gate.
 46502 | Depths:1 | Noticed Jitylec's ghost (legendary MiFi)
 46503 | Depths:1 | Found a runed translucent gate.
 47021 | Depths:2 | Found Xusorghuu's Book Shoppe.
 47153 | Depths:2 | Noticed a juggernaut
 47183 | Depths:2 | Killed a juggernaut
 47183 | Depths:2 | Received a gift from Okawaru
 47184 | Depths:2 | Got a blackened shield {god gift}
 47415 | Depths:2 | Identified the +0 shield of Zoseid {*Corrode rPois Str+7}
                  | (Okawaru gifted it to you on level 2 of the Depths)
 47512 | Depths:2 | Reached XP level 23. HP: 211/224 MP: 26/26
 48280 | Depths:2 | Found a gateway to a ziggurat.
 48282 | Depths:2 | Paralysed by a floating eye for 4 turns
 48292 | Depths:2 | Paralysed by a floating eye for 2 turns
 48445 | Depths:3 | Noticed Boris
 48457 | Depths:3 | Killed Boris
 48593 | Depths:3 | You are sucked into a shaft!
 48872 | Depths:3 | HP: 6/225 [spark wasp (13)]
 48872 | Depths:3 | HP: 1/225 [spark wasp (5)]
 49590 | Depths:3 | Noticed Nikola
 49607 | Depths:3 | Killed Nikola
 49607 | Depths:3 | Received a gift from Okawaru
 49788 | Depths:3 | Noticed Mennas
 49827 | Depths:3 | Killed Mennas
 50143 | Depths:3 | Paralysed by a floating eye for 2 turns
 50154 | Depths:3 | Paralysed by a floating eye for 4 turns
 50941 | Depths:3 | Got a brightly glowing sapphire amulet
 50942 | Depths:3 | Identified the amulet "Dussecs" {Spirit Int+4} (You found
                  | it on level 3 of the Depths)
 51361 | Depths:3 | Found a one-way gate leading to the halls of Pandemonium.
 52601 | Depths:4 | Reached XP level 24. HP: 162/232 MP: 26/26
 52830 | Depths:4 | Found a one-way gate to the infinite horrors of the Abyss.
 52968 | Depths:4 | Received a gift from Okawaru
 53914 | Depths:5 | Entered Level 5 of the Depths
 54001 | Depths:5 | Noticed Boris
 54027 | Depths:5 | Killed Boris
 54525 | Depths:5 | Received a gift from Okawaru
 55459 | Depths:5 | Received a gift from Okawaru
 56319 | Depths:5 | Found a gate to the Realm of Zot.
 56476 | Depths:5 | Reached skill level 5 in Invocations
 56493 | Depths:5 | Reached XP level 25. HP: 170/242 MP: 26/26
 56690 | Depths:5 | Received a gift from Okawaru
 56693 | Depths:5 | Got a translucent war axe {god gift}
 56694 | Depths:5 | Identified the +6 war axe of Massacring {drain, rElec rN+
                  | Str+4 Dex+2} (Okawaru gifted it to you on level 5 of the
                  | Depths)
 57608 | Vaults:5 | Got an ichor-stained scimitar
 57617 | Vaults:5 | Got a brightly glowing hunting sling
 57637 | Vaults:5 | Noticed an ancient lich
 57651 | Vaults:5 | Killed an ancient lich
 57665 | Vaults:5 | Identified the +3 ring mail "Xeil" {+Blink +Inv rElec
                  | Dex-5}
 57682 | Vaults:5 | Received a gift from Okawaru
 57782 | Vaults:5 | Identified the +11 scimitar "Cicluyru" {venom, -Tele Int+4
                  | Dex+4} (You found it on level 5 of the Vaults)
 57784 | Vaults:5 | Identified the +11 hunting sling "Zoggy" {velocity, rElec
                  | MR- Dex+8} (You found it on level 5 of the Vaults)
 57908 | Vaults:5 | Identified the +6 rapier of Moral Flaws {pierce, MR+}
 57958 | Vaults:5 | Got a faintly glowing plate armour
 58483 | Vaults:5 | Received a gift from Okawaru
 58518 | Vaults:5 | Reached skill level 27 in Axes
 58691 | Vaults:5 | Noticed Sojobo
 58711 | Vaults:5 | Killed Sojobo
 59051 | Vaults:5 | Noticed Mara
 59057 | Vaults:5 | Noticed dr0g0th's illusion
 59075 | Vaults:5 | Killed Mara
 59087 | Vaults:5 | Received a gift from Okawaru
 59093 | Vaults:5 | Got an encrusted war axe {god gift}
 59145 | Vaults:5 | Noticed Bai Suzhen
 59161 | Vaults:5 | Killed Bai Suzhen
 59437 | Vaults:5 | Reached XP level 26. HP: 182/255 MP: 26/27
 59641 | Vaults:5 | Identified the +4 war axe of Perversion {elec, Int+4}
                  | (Okawaru gifted it to you on level 5 of the Vaults)
 59655 | Vaults:5 | Got a silver rune of Zot
 59658 | Vaults:5 | Identified the Catalogue of Virous Curses
 60526 | Hell     | Entered the Vestibule of Hell
 60526 | Hell     | Noticed Geryon
 60550 | Hell     | Found a gateway to the freezing wastes of Cocytus.
 60943 | Hell     | Received a gift from Okawaru
 61134 | Hell     | Got a pair of distressingly furry boots {god gift}
 61145 | Hell     | Identified the +6 plate armour of Resilience {rC++ Dex-4
                  | SInv} (You found it on level 5 of the Vaults)
 61349 | Hell     | Identified the -5 pair of boots of Juonaaloumn {rN+ SInv}
                  | (Okawaru gifted it to you in the Vestibule of Hell)
 61375 | Hell     | Found a gateway to the decaying netherworld of Tartarus.
 61996 | Hell     | Found a gateway to the ashen valley of Gehenna.
 62109 | Hell     | Killed Geryon
 62269 | Hell     | Found a gateway to the Iron City of Dis.
 62378 | Coc:1    | Entered Level 1 of Cocytus
 62594 | Coc:1    | Gained mutation: Your body sometimes deteriorates upon
                  | taking damage. [mutagenic glow]
 62595 | Coc:1    | Noticed a shard shrike
 62612 | Coc:1    | Killed a shard shrike
 62685 | Coc:1    | Gained mutation: You have large cloven feet. [mutagenic
                  | glow]
 62862 | Coc:1    | Noticed a shard shrike
 62875 | Coc:1    | Killed a shard shrike
 63070 | Coc:1    | You fall through a shaft!
 63114 | Coc:2    | Received a gift from Okawaru
 63133 | Coc:2    | Got a pair of ichor-stained gloves {god gift}
 63144 | Coc:2    | Identified the -7 pair of gloves of Degumil {rElec}
                  | (Okawaru gifted it to you on level 2 of Cocytus)
 63358 | Coc:4    | Noticed a shard shrike
 63370 | Coc:4    | Killed a shard shrike
 63370 | Coc:4    | Reached skill level 27 in Shields
 63844 | Coc:4    | Reached XP level 27. HP: 136/268 MP: 27/27
 64775 | Coc:3    | Reached skill level 27 in Fighting
 65115 | Coc:3    | Received a gift from Okawaru
 67481 | Coc:5    | Received a gift from Okawaru
 67630 | Coc:7    | Entered Level 7 of Cocytus
 69682 | Coc:7    | HP: 10/273 [???[the effects of Hell] (5)]
 70044 | Coc:7    | Received a gift from Okawaru
 70047 | Coc:7    | Got a polished hand axe {god gift}
 71814 | Coc:7    | Noticed the Serpent of Hell
 71847 | Coc:7    | Killed the Serpent of Hell
 71863 | Coc:7    | Received a gift from Okawaru
 72535 | Coc:7    | HP: 9/269 [blizzard demon/the air (13)]
 72582 | Coc:7    | HP: 13/269 [??? (7)]
 72590 | Coc:7    | HP: 11/269 [???[the effects of Hell] (5)]
 72608 | Coc:7    | HP: 1/269 [skeletal warrior/+0 glaive (16)]
 72620 | Coc:7    | HP: 4/269 [blizzard demon/bolt of cold (3)]
 72621 | Coc:7    | Killed from afar by a blizzard demon

Levels and vault maps discovered:
D:1:      elethiomel_arrival_infinity_welcomes_careful_drivers, layout_rooms
D:2:      cheibrodos_old_hovel, layout_basic, grunt_decor_clamped,
          nicolae_ru_sacrificial_ziggurat, uniq_jessica
D:3:      layout_rooms, first_ration
D:4:      layout_basic, serial_forest, infiniplex_forest_clump_small,
          infiniplex_forest_clump_double, infiniplex_forest_clump_cross,
          infiniplex_forest_lined_corner, infiniplex_forest_clump_long,
          roderic_batcave, lemuel_altar_in_water
D:5:      layout_layer_cave, kiku_gazebo_pond_becter, lemuel_crystal_altar,
          basic_altar
D:6:      wad_woods_stonehenge, layout_basic, uniq_menkaure
D:7:      layout_rooms, marbit_many_paths, minmay_temple_entry_glassed_door,
          serial_corexii_hall, corexii_hall_statues_x, chequers_hall_statues_y,
          basic_altar, grunt_ministairs_9
D:8:      kennysheep_seaside_town, layout_basic, xom_confusion_cloud,
          nicolae_overflow_hidden_temple, minivault_29
D:9:      layout_roguey
D:10:     gammafunk_the_bubble [the_bubble_gammafunk_crates], layout_rooms,
          nicolae_trove_entry_path_of_doom
D:11:     layout_small_grid, minmay_lair_entry_grove, david_orc_3, basic_altar
D:12:     layout_basic, serial_shops, kennysheep_little_box, uniq_erolcha
D:13:     layout_cave_pools, david_vaults_5, portal_ice_cave_entry_ice_beasts,
          hangedman_stone_soup
D:14:     layout_cave_pods, serial_shops, kennysheep_mini_moat,
          chequers_serial_rivers_marsh, corner_web_ring, hex_large, uniq_nessos
D:15:     grunt_enter_depths_giant_problem, layout_irregular_city,
          chequers_serial_rivers_room_a, minmay_hedge_maze
Temple:   minmay_temple_curvy_branch
Lair:1:   layout_gridlike
Lair:2:   layout_gridlike, grunt_megastairs_3
Lair:3:   layout_cave_pods, minmay_snake_entry_six_corridors, lemuel_fruit_tree
Lair:4:   layout_gridlike, shoals_dummy_entry, columned_hall_lemuel, uniq_kirke
Lair:5:   layout_concentric_octagons, minmay_slime_entry_pillars,
          maelrawn_ghost_gauntlet_escape, tgw_fedhas, uniq_josephine, uniq_sonja
Lair:6:   due_jungle_book, layout_gridlike
Shoals:1: layout_shoals, serial_shops, shop
Shoals:2: gammafunk_its_a_trap, layout_shoals, serial_shops, shop_fountains
Shoals:3: layout_shoals, uniq_roxanne
Shoals:4: shoals_end_grunt_garden, layout_shoals, serial_shops, shop,
          ldierk_geyser, uniq_polyphemus
Snake:1:  layout_onion, basic_altar, grunt_ministairs_6, abandoned_shop,
          drop_trap, uniq_asterion
Snake:2:  layout_gridlike, serial_shops, nicolae_shop_behind_doors, uniq_aizul,
          uniq_jorgrun
Snake:3:  layout_grid_shapes
Snake:4:  snake_pit, layout_basic, basic_altar, drop_trap, serial_bayou_shore_b
Orc:1:    layout_diamond_mine
Orc:2:    st_orc_rangers, layout_caves, bloody_makhleb
Vaults:1: ontoclasm_vaults_echo, vaults_room_grunt_arrival_ludios,
          nicolae_vaults_ring_of_whatevers, vaults_mumra_lcd,
          ontoclasm_vaults_shuriken, vaults_mumra_minichess_inversion, v_misc_2,
          nicolae_vaults_little_squares_5, vaults_mumra_hex, vaults_dpeg_hooks,
          layout_vaults_omnigrid, basic_altar
Vaults:2: hangedman_vaults_restitches, hangedman_vaults_snaps,
          nicolae_vaults_mini_display_case, nicolae_vaults_little_ls,
          nicolae_vaults_hallways_thing, hangedman_vaults_stagger,
          dpeg_vaults_pockets_of_resistance, v_misc_29,
          hangedman_vaults_corner_blocks, hangedman_vaults_corner_blocks,
          nicolae_vaults_alarming, v_misc_15, vaults_dpeg_diagonal,
          nicolae_vaults_rhombus_5, vaults_room_hallway, layout_vaults_ring
Vaults:3: nicolae_vaults_circle_grid_a, minmay_crypt_entry_simple_round,
          vaults_standard_mumra_enter_the_diamond, dpeg_vaults_monster_box,
          vaults_room_boxed, v_misc_26, grunt_vaults_bifocal, st_quartered_hall,
          v_misc_10, vaults_room_semicircle, nicolae_vaults_circle_grid_a,
          grunt_vaults_funnel, layout_vaults_maze_bifur, serial_shops,
          freezing_bzr, shop, shop, shop
Vaults:4: vaults_dpeg_ring, vaults_room_grid, v_misc_30,
          nicolae_vaults_little_squares_5, v_pattern_3, ontoclasm_vaults_bender,
          vaults_room_door_hall, hangedman_vaults_stitches, v_rooms_1,
          vaults_room_stairs_pillars, v_misc_4, ontoclasm_vaults_hangar,
          v_misc_22, layout_vaults_omnibox
Vaults:5: uniq_bai_suzhen, uniq_sojobo, uniq_mara
Depths:1: layout_honeycomb, marbit_kobold_abyss_entry,
          biasface_ghost_demon_polymorph, lightli_too_deep, minmay_holes,
          serial_sigils_hangedman_snap, statue_in_the_mist_lemuel,
          nicolae_water_bricks, minmay_fractal_squares_diagonal_5
Depths:2: minmay_stepped, layout_long_grid, enter_ziggurat_c,
          pf_dread_powers_of_hell, serial_shops, shop_statue, serial_sigils,
          serial_sigils_hangedman_snap, serial_sigils_hangedman_stare,
          serial_sigils_hangedman_gut, serial_sigils_hangedman_leer,
          serial_sigils_hangedman_clutch, drop_trap, serial_bayou_shore_a,
          infiniplex_staircase_river, firewood_loft
Depths:3: lemuel_river_lethe, hell_entry, pan_entry, uniq_nikola, uniq_boris,
          uniq_mennas
Depths:4: minmay_two_paths, layout_cave_pools, hell_entry,
          minmay_room_of_horrors, chequers_serial_rivers_room_b
Depths:5: grunt_zot_entry_tricorne, layout_honeycomb, minmay_tree_intersection,
          pf_coc_iceberg, st_stairs_9, grunt_tough_drop
Hell
Coc:1:    layout_cocytus_water_paths
Coc:2:    layout_cocytus_water_paths
Coc:3:    layout_ice_bergs, lemuel_elevator
Coc:4:    layout_ice_bergs
Coc:5:    layout_cocytus_water_paths
Coc:6:    grunt_deathspiral_small, layout_ice_bergs
Coc:7:    coc_old
IceCv:    ice_cave_caverns_02

Skill      XL: |  1  2  3  4  5  6  7  8  9 10 11 12 13 14 15 16 17 18 19 20 21 22 23 24 25 26 27 |
---------------+----------------------------------------------------------------------------------+-----
Fighting       | 4 5 6 7 9 11 12 13 14 16 17 18 19 20 21 22 23 24 25 26 27 | 27.0
Axes           | 3 4 5 6 7 9 11 13 15 17 18 19 20 21 22 23 24 25 26 27 | 27.0
Shields        | 4 5 6 8 9 11 13 14 15 16 18 19 20 21 22 23 24 25 27 | 27.0
Armour         | 4 5 6 7 8 9 10 11 12 13 14 15 16 17 18 19 25 | 25.9
Dodging        | 1 2 3 |  3.6
Invocations    | 1 2 3 4 5 6 7 |  7.8
Stealth        | 1 2 |  2.6

Action                   |  1- 3 |  4- 6 |  7- 9 | 10-12 | 13-15 | 16-18 | 19-21 | 22-24 | 25-27 || total
-------------------------+-------+-------+-------+-------+-------+-------+-------+-------+-------++-------
Melee: War axe           |   120 |   210 |   417 |   336 |   481 |    30 |       |       |  2984 ||  4578
       Battleaxe         |       |       |       |   502 |       |       |       |       |       ||   502
       Broad axe         |       |       |       |    39 |   759 |  1154 |  1013 |       |       ||  2965
       Hand axe          |       |       |       |       |       |       |   496 |  2084 |    23 ||  2603
Invok: Heroism           |       |       |       |     5 |     8 |    12 |     7 |    12 |    23 ||    67
       Finesse           |       |       |       |     1 |     2 |     1 |     1 |       |     2 ||     7
 Abil: Stop Flying       |       |       |       |     1 |       |       |       |       |       ||     1
  Use: Scroll            |       |    10 |     5 |     8 |     8 |    13 |    19 |    16 |    24 ||   103
       Potion            |       |     2 |     5 |     2 |     7 |     7 |     5 |    11 |    13 ||    52
 Stab: Distracted        |       |       |       |       |       |     1 |       |       |       ||     1
       Petrifying        |       |       |       |       |       |       |       |     2 |       ||     2
  Eat: Chunk             |       |     7 |     8 |    11 |    25 |     5 |     9 |     7 |     7 ||    79
       Ration            |       |     1 |     3 |     6 |     2 |     9 |     8 |     9 |    14 ||    52
Armor: Scale mail        |    15 |       |       |       |       |       |       |       |       ||    15
       Plate armour      |    53 |   154 |   243 |   532 |   647 |   371 |   151 |       |       ||  2151
       Gold dragon scale |       |       |       |       |       |       |   201 |   580 |  1152 ||  1933
Dodge: Dodged            |    22 |    43 |    78 |   228 |   310 |   203 |   170 |   319 |   623 ||  1996
Block: Shield            |    71 |   147 |   239 |   184 |   955 |   421 |   382 |  1670 |  3097 ||  7166
       Reflection        |       |       |       |       |       |   187 |   180 |    82 |    72 ||   521
       Large shield      |       |       |       |       |       |   775 |   926 |       |       ||  1701

Table legend:
 A = Non-vault XP
 B = Vault XP
 C = Vault XP percentage of total XP
 D = Non-vault monster count
 E = Vault monster count
 F = Vault count percentage of total count
                 A         B        C        D         E       F
            +---------+---------+-------+---------+---------+-------
      Total |  999599 |  632128 |  38.7 |    1869 |     880 |  32.0
            +---------+---------+-------+---------+---------+-------
        D:1 |      27 |       0 |   0.0 |      13 |       0 |   0.0
        D:2 |      40 |      39 |  49.4 |      22 |       2 |   8.3
        D:3 |     176 |       0 |   0.0 |      23 |       0 |   0.0
        D:4 |      51 |      66 |  56.4 |       4 |       7 |  63.6
        D:5 |     912 |       0 |   0.0 |      22 |       0 |   0.0
        D:6 |     736 |     344 |  31.9 |      17 |       7 |  29.2
        D:7 |    1632 |     183 |  10.1 |      31 |       2 |   6.1
        D:8 |    1642 |    6271 |  79.2 |      38 |      66 |  63.5
        D:9 |    2143 |       0 |   0.0 |      27 |       0 |   0.0
       D:10 |    1181 |    2088 |  63.9 |      15 |       9 |  37.5
       D:11 |    6280 |    2950 |  32.0 |      42 |      19 |  31.1
       D:12 |    2708 |     990 |  26.8 |      20 |       1 |   4.8
       D:13 |    4349 |    8273 |  65.5 |      26 |      25 |  49.0
       D:14 |   11294 |    1306 |  10.4 |      32 |       1 |   3.0
       D:15 |    7655 |    1621 |  17.5 |      31 |       1 |   3.1
     Temple |       3 |       0 |   0.0 |       1 |       0 |   0.0
     Lair:1 |    6740 |       0 |   0.0 |      25 |       0 |   0.0
     Lair:2 |    4536 |     346 |   7.1 |      20 |       2 |   9.1
     Lair:3 |    4664 |    2068 |  30.7 |      19 |      15 |  44.1
     Lair:4 |    9700 |    2449 |  20.2 |      23 |       3 |  11.5
     Lair:5 |    4860 |    5967 |  55.1 |      19 |      13 |  40.6
     Lair:6 |   18556 |    2817 |  13.2 |      41 |       5 |  10.9
   Shoals:1 |   11660 |       0 |   0.0 |      25 |       0 |   0.0
   Shoals:2 |   17210 |    2822 |  14.1 |      39 |       6 |  13.3
   Shoals:3 |   20690 |    2051 |   9.0 |      40 |       1 |   2.4
   Shoals:4 |    5502 |   34850 |  86.4 |      10 |      49 |  83.1
    Snake:1 |   20816 |    3263 |  13.6 |      39 |       3 |   7.1
    Snake:2 |   17030 |    4561 |  21.1 |      30 |       2 |   6.2
    Snake:3 |   11941 |       0 |   0.0 |      24 |       0 |   0.0
    Snake:4 |   25034 |   33320 |  57.1 |      42 |      49 |  53.8
      Orc:1 |    1793 |    1135 |  38.8 |       9 |       5 |  35.7
      Orc:2 |    4852 |    5428 |  52.8 |      49 |      30 |  38.0
   Vaults:1 |   21507 |   23708 |  52.4 |      49 |      29 |  37.2
   Vaults:2 |   34021 |   37192 |  52.2 |      61 |      47 |  43.5
   Vaults:3 |   29642 |   35268 |  54.3 |      53 |      48 |  47.5
   Vaults:4 |   30195 |   57691 |  65.6 |      43 |      65 |  60.2
   Vaults:5 |   37330 |  121599 |  76.5 |      64 |      62 |  49.2
   Depths:1 |   38046 |    6616 |  14.8 |      52 |       7 |  11.9
   Depths:2 |   42716 |   19038 |  30.8 |      46 |      15 |  24.6
   Depths:3 |       0 |   70352 | 100.0 |       0 |     107 | 100.0
   Depths:4 |   39745 |   28402 |  41.7 |      54 |      29 |  34.9
   Depths:5 |   70186 |   29987 |  29.9 |      62 |      20 |  24.4
       Hell |   21299 |   21849 |  50.6 |      29 |      33 |  53.2
      Coc:1 |   71591 |       0 |   0.0 |      91 |       0 |   0.0
      Coc:2 |   12840 |       0 |   0.0 |      36 |       0 |   0.0
      Coc:3 |   60913 |    1467 |   2.4 |      90 |       1 |   1.1
      Coc:4 |   44033 |       0 |   0.0 |      67 |       0 |   0.0
      Coc:5 |   37233 |       0 |   0.0 |      48 |       0 |   0.0
      Coc:6 |   35812 |       0 |   0.0 |      48 |       0 |   0.0
      Coc:7 |  146077 |   41205 |  22.0 |     158 |      40 |  20.2
      IceCv |       0 |   12546 | 100.0 |       0 |      54 | 100.0
            +---------+---------+-------+---------+---------+-------
